Map: Blackpink EC

Players

zuka - Winner!

  • Race: Protoss Protoss
  • League: Master
  • Spawn Location: 1:00

Fegis

  • Race: Terran Terran
  • League: Master
  • Spawn Location: 7:00

VOD

https://youtu.be/qSzFK_mb-xY

Description

Time

  • Played on: April 13, 2018, 7:23 p.m.
  • Length: 7:46
Show
View Real Time Build Order
Export as new Build Order

zuka Protoss - Winner!

Build Orders: 1 Gate Expand, Dark Templar Rush 

Get SALT Encoding   

  12  0:01  Probe  
  13  0:13  Probe  
  14  0:20  Pylon  
  14  0:25  Probe (Chrono Boost)  
  15  0:37  Probe (Chrono Boost)  
  15  0:39  Gateway  
  16  0:45  Probe  
  16  0:47  Assimilator  
  17  0:57  Probe (Chrono Boost)  
  18  1:08  Probe (Chrono Boost)  
  19  1:13  Probe (Chrono Boost)  
  20  1:26  Nexus  
  20  1:37  Cybernetics Core  
  20  1:38  Probe  
  21  1:44  Assimilator  
  21  1:50  Probe  
  22  1:55  Pylon  
  22  2:02  Probe  
  23  2:14  Probe  
  24  2:18  Stalker (Chrono Boost)  
  24  2:20  Warp Gate  
  25  2:26  Probe  
  26  2:38  Probe  
  26  2:41  Probe  
  26  2:43  Twilight Council  
  28  2:45  Stalker  
  28  2:51  Probe  
  31  2:53  Probe  
  31  2:57  Shield Battery  
  32  3:03  Probe  
  33  3:05  Probe  
  34  3:15  Gateway, Probe  
  35  3:22  Robotics Facility  
  35  3:23  Probe  
  36  3:27  Probe  
  36  3:33  Dark Shrine  
  37  3:34  Stalker (Chrono Boost)  
  37  3:39  Probe (Chrono Boost)  
  40  3:44  Probe (Chrono Boost)  
  41  3:51  Probe (Chrono Boost)  
  41  3:55  Gateway  
  43  3:58  Probe x2 (Chrono Boost)  
  43  4:00  Pylon  
  44  4:07  Assimilator  
  46  4:10  Assimilator  
  46  4:13  Warp Prism (Chrono Boost)  
  46  4:17  Pylon  
  46  4:18  Probe x2  
  48  4:26  Charge  
  48  4:28  Shield Battery  
  48  4:30  Probe x2  
  50  4:42  Probe x2  
  50  4:43  Shadow Stride (Chrono Boost)  
  50  4:45  Immortal (Chrono Boost)  
  52  4:51  Pylon  
  56  4:52  Pylon  
  56  5:05  Dark Templar  
  56  5:06  Dark Templar x2  
  62  5:14  Pylon  
  60  5:41  Dark Templar x2  
  64  5:45  Pylon  
  64  5:46  Pylon  
  64  5:50  Gateway  
  64  5:53  Gateway  
  64  5:56  Dark Templar  
  66  6:03  Gateway  
  66  6:07  Gateway  
  66  6:08  Gateway  
  66  6:11  Gateway  
  66  6:13  Gateway  
  66  6:15  Dark Templar  
  66  6:16  Dark Templar  
  66  6:17  Gateway  
  70  6:26  Pylon  
  70  6:29  Dark Templar  
  72  6:39  Probe x2  
  74  6:45  Dark Templar x2  
  78  6:47  Zealot  
  78  7:02  Zealot  
  78  7:07  Pylon  
  80  7:20  Zealot x3  
  80  7:21  Dark Templar x3  
  80  7:22  Zealot x4  
Show
View Real Time Build Order
Export as new Build Order

Fegis Terran 

Build Orders: MMM Bio 

Get SALT Encoding   

  12  0:00  SCV  
  13  0:13  SCV  
  14  0:18  Supply Depot  
  14  0:25  SCV  
  15  0:39  SCV  
  15  0:40  Barracks  
  16  0:51  SCV  
  17  1:03  SCV  
  18  1:05  Refinery  
  18  1:16  SCV  
  19  1:31  Orbital Command, Marine  
  20  1:42  Command Center  
  20  1:49  Barracks Tech Lab  
  20  1:50  Supply Depot  
  20  1:57  SCV  
  21  2:08  Concussive Shells, Marauder  
  23  2:12  SCV  
  24  2:20  Barracks  
  24  2:24  SCV  
  24  2:29  Marauder  
  27  2:32  Barracks  
  27  2:36  SCV  
  28  2:38  Refinery  
  28  2:48  SCV  
  28  2:51  Marine  
  30  2:55  Orbital Command  
  30  3:00  Stimpack, SCV  
  31  3:08  Marine, Barracks Reactor  
  31  3:12  SCV  
  33  3:20  Engineering Bay  
  33  3:21  Marine  
  33  3:23  SCV  
  33  3:24  SCV  
  36  3:28  Marine  
  37  3:35  SCV  
  37  3:39  SCV  
  39  3:43  Supply Depot  
  39  3:44  Marine x3  
  39  3:48  SCV  
  43  3:50  Missile Turret  
  43  3:51  Terran Infantry Weapons Level 1  
  43  3:54  SCV  
  44  3:58  Marine  
  44  4:00  SCV  
  46  4:06  SCV, Marine x3  
  50  4:10  Supply Depot  
  50  4:12  SCV  
  51  4:18  SCV  
  51  4:19  Factory  
  52  4:24  SCV, Marine  
  52  4:30  Refinery  
  54  4:31  SCV, Marine x2  
  54  4:32  Marauder  
  54  4:33  Supply Depot  
  54  4:36  SCV  
  60  4:42  Supply Depot  
  60  4:44  SCV  
  61  4:48  SCV  
  62  4:55  Marine x3, Marauder  
  62  4:56  SCV  
  62  4:57  Supply Depot  
  68  5:00  SCV  
  68  5:03  Starport  
  68  5:04  Factory Reactor  
  69  5:08  SCV, Combat Shields  
  69  5:12  SCV  
  69  5:14  Marine x3  
  71  5:18  Supply Depot  
  71  5:20  SCV  
  75  5:24  SCV, Missile Turret  
  72  5:40  SCV  
  72  5:41  SCV  
  73  5:48  Factory Reactor  
  73  5:52  Medivac x2  
  73  5:53  SCV x2  
  79  5:59  Marine x2  
  79  6:00  Barracks Tech Lab, Marauder  
  83  6:04  Refinery  
  83  6:12  Barracks  
  83  6:14  SCV x2  
  83  6:15  Barracks  
  83  6:16  Supply Depot  
  83  6:17  Supply Depot  
  83  6:18  Marine  
  85  6:19  Missile Turret  
  86  6:38  Medivac x2, Supply Depot, Marine, Marauder, Widow Mine x2  
  86  6:39  Supply Depot  
  97  6:41  Marauder  
  97  6:43  SCV x2  
  101  6:48  Supply Depot  
  101  6:50  Marine  
  73  7:01  Marine  
  73  7:02  Barracks Reactor  
  73  7:03  Barracks Tech Lab, Marauder  
  76  7:08  Medivac  
  76  7:09  Supply Depot  
  76  7:10  Medivac  
  76  7:11  Supply Depot  
  80  7:18  Marine  
  80  7:19  Marauder  
  80  7:20  Missile Turret  
  80  7:22  Marine  
  84  7:24  Widow Mine  
Tags
 
Add a new tag
Caveats
  • Supply blocks, unpowered buildings, or Contaminate may cause inaccurate times.
  • Supply counts are checked every 10 seconds.